 Dungeon Crawl Stone Soup version 0.22-a0-515-g75794bf (webtiles) character file.

51 kae the Firebug (level 3, -2/20 HPs)
             Began as a Tengu Fire Elementalist on June 19, 2018.
             Slain by a sky beast (5 damage)
             ... on level 2 of the Dungeon.
             The game lasted 00:01:19 (1863 turns).

kae the Firebug (Tengu Fire Elementalist)           Turns: 1863, Time: 00:01:20

Health: -2/20      AC:  2    Str:  5    XL:     3   Next: 83%
Magic:  2/7        EV: 12    Int: 16    God:
Gold:   11         SH:  0    Dex: 14    Spells: 5/6 levels left

rFire    . . .     SeeInvis .   d - +0 club
rCold    . . .     Gourm    .   (no shield)
rNeg     . . .     Faith    .   a - +0 robe
rPois    .         Spirit   .   (helmet restricted)
rElec    .         Reflect  .   (no cloak)
rCorr    .         Harm     .   (no gloves)
MR       .....                  (boots unavailable)
Stlth    ++........             (no amulet)
HPRegen  0.06/turn              g - -3 ring of strength (curse)
MPRegen  0.10/turn              (no ring)

@: no status effects
A: beak, talons 3
a: no special abilities


You were on level 2 of the Dungeon.
You were hungry.

You visited 1 branch of the dungeon, and saw 2 of its levels.

You collected 11 gold pieces.

Inventory:

Hand Weapons
 d - a +0 club (weapon)
Armour
 a - a +0 robe (worn)
Jewellery
 g - a cursed -3 ring of strength (left hand)
Scrolls
 b - a scroll of amnesia {unknown}
 e - a scroll of remove curse {unknown}
 i - a scroll of teleportation {unknown}
Potions
 f - 2 potions of lignification {unknown}
Comestibles
 c - 2 rations
 h - a chunk of flesh


   Skills:
 + Level 1.1 Fighting
 - Level 2.1 Dodging
 - Level 2.0 Stealth
 + Level 2.3 Spellcasting
 * Level 2.9 Conjurations
 * Level 4.0 Fire Magic


You had 5 spell levels left.
You knew the following spells:

 Your Spells              Type           Power        Failure   Level  Hunger
a - Flame Tongue          Conj/Fire      ##...        4%          1    #......

Your spell library contained the following spells:

 Spells                   Type           Power        Failure   Level  Hunger
 Fireball                 Conj/Fire      ##........   80%         5    ######.
 Conjure Flame            Conj/Fire      ##......     14%         3    ###....
 Throw Flame              Conj/Fire      ##....       8%          2    ###....
 Sticky Flame             Conj/Fire      ##......     43%         4    #####..
 Inner Flame              Hex/Fire       #.......     26%         3    ###....


Dungeon Overview and Level Annotations

Branches:
Dungeon (2/15)

Altars:


Innate Abilities, Weirdness & Mutations

You have a beak for a mouth.
You have claws for feet.


Message History

You can't see any susceptible monsters within range! (Use Z to cast anyway.)
Casting: Flame Tongue (safe; 4% risk of failure)
Confirm with . or Enter, or press ? or * to list all spells.
You can't see any susceptible monsters within range! (Use Z to cast anyway.)
Casting: Flame Tongue (safe; 4% risk of failure)
Confirm with . or Enter, or press ? or * to list all spells.
You can't see any susceptible monsters within range! (Use Z to cast anyway.)
Casting: Flame Tongue (safe; 4% risk of failure)
Confirm with . or Enter, or press ? or * to list all spells.
You can't see any susceptible monsters within range! (Use Z to cast anyway.)
Casting: Flame Tongue (safe; 4% risk of failure)
Confirm with . or Enter, or press ? or * to list all spells.
Aiming: Flame Tongue (safe; 4% risk of failure)
Press: ? - help, Shift-Dir - straight line The flame tongue hits something.
You are feeling hungry.
Something hits you.
* * * LOW HITPOINT WARNING * * *
Something shocks you.
You die...

# #######........ #
#######.#######.#### #
#.......#####......
####.......#...#.#...#
..##.......#.#.#.....#
..##.........#.......#
..##.......###.......# #
..##.......###..{..#+##.#
..##.........#..@........
..##.........#.#.........
..##.........#...........
..##.........####........
.............'..'........
#......##....####........
'......##....# #........
#......##....# #........
+......##....# #........


There were no monsters in sight!

Vanquished Creatures
  An adder (D:2)
  A worm (D:2)
  2 dart slugs
  A leopard gecko (D:1)
  A ball python (D:1)
  6 bats
  5 giant cockroaches
  2 hobgoblins (D:1)
  3 kobolds (D:1)
  3 frilled lizards (D:1)
  4 goblins (D:1)
  5 rats
34 creatures vanquished.

Notes
Turn   | Place    | Note
-------+----------+-------------------------------------------
     0 | D:1      | kae the Tengu Fire Elementalist began the quest for the Orb.
     0 | D:1      | Reached XP level 1. HP: 10/10 MP: 4/4
   300 | D:1      | Reached XP level 2. HP: 15/15 MP: 6/6
  1051 | D:1      | Reached XP level 3. HP: 19/20 MP: 3/7
  1606 | D:2      | Reached skill level 1 in Fighting
  1702 | D:2      | Reached skill level 4 in Fire Magic
  1856 | D:2      | Noticed a sky beast
  1863 | D:2      | Slain by a sky beast

Vault maps used:
D:1:      onia_arrival_larder
D:2:      cheibrodos_old_hovel

Skill      XL: |  1  2  3 |
---------------+----------+-----
Conjurations   | 2 |  2.9
Fighting       | 1 |  1.1
Fire Magic     | 4 |  4.0
Dodging        | |  2.1
Stealth        | |  2.0
Spellcasting   | |  2.3

Action                   || total
-------------------------++-------
Melee: Unarmed           ||    17
       Kick              ||    11
       Peck              ||     6
       Club              ||    34
 Cast: Flame Tongue      ||    37
 Stab: Sleeping          ||     2
  Eat: Chunk             ||     3
Armor: Robe              ||    25
Dodge: Dodged            ||    46

Table legend:
 A = Spawn XP
 B = Non-spawn XP
 C = Spawn XP percentage of total XP
 D = Spawn monster count
 E = Non-spawn monster count
 F = Spawn count percentage of total count
 G = Total turns spent on level
                    A         B        C        D         E        F      G
               +---------+---------+-------+---------+---------+-------+---------
         Total |       0 |      74 |   0.0 |       0 |      34 |   0.0 |  1863
               +---------+---------+-------+---------+---------+-------+---------
           D:1 |       0 |      45 |   0.0 |       0 |      27 |   0.0 |  1589
           D:2 |       0 |      29 |   0.0 |       0 |       7 |   0.0 |   274
               +---------+---------+-------+---------+---------+-------+---------
